 Dungeon Crawl Stone Soup version 0.28-b1-38-gff268fdeb9 (webtiles) character file.

Game seed: 1225395461034958982

65544 MacCMillion the Convoker (level 14, -1/69 HPs)
             Began as a Felid Summoner on Feb 3, 2022.
             Was an Initiate of Gozag.
             Slain by a centaur warrior (9 damage)
             ... on level 15 of the Dungeon.
             The game lasted 03:20:12 (35305 turns).

MacCMillion the Convoker (Felid Summoner)          Turns: 35305, Time: 03:20:12

Health: -1/69      AC:  3    Str:  4    XL:     14   Next: 75%
Magic:  18/38      EV: 27    Int: 26    God:    Gozag
Gold:   776        SH:  0    Dex: 18    Spells: 3/33 levels left
                                        Lives:  0   Deaths: 3

rFire   . . .      SeeInvis +   (weapon unavailable)
rCold   + . .      Faith    .   (shield unavailable)
rNeg    . . .      Spirit   .   (armour unavailable)
rPois   .          Reflect  .   (helmet unavailable)
rElec   .          Harm     .   (cloak unavailable)
rCorr   .          Rampage  .   (gloves unavailable)
Will    ++...                   (boots unavailable)
Stlth   +++.......              j - amulet of magic regeneration
HPRegen 0.21/turn               Q - ring of magical power
MPRegen 0.66/turn               P - +6 ring of intelligence

@: gold aura, quick
A: very small, claws 1, fangs 3, see invisible, speed 1, shaggy fur 3, stealthy
paws, no weapons or thrown items, no armour, multi-lived
a: Renounce Religion, Potion Petition, Call Merchant, Bribe Branch


You were on level 15 of the Dungeon.
You worshipped Gozag.
Gozag was pleased with you.
You visited 4 branches of the dungeon, and saw 24 of its levels.
You also visited: Ossuary and Gauntlet.

You collected 8200 gold pieces.
You spent 3620 gold pieces at shops.
You paid 3804 gold pieces to Gozag.

Inventory:

Jewellery
 g - a ring of flight
 j - an amulet of magic regeneration (around neck)
 q - a +6 ring of strength
 B - an amulet of guardian spirit
 E - an amulet of reflection
 K - a +4 ring of evasion
 P - a +6 ring of intelligence (right paw)
 Q - a ring of magical power (left paw)
 R - a ring of willpower
 S - the ring "Amnor" {rC+++ AC+4 Int-4 Slay+4 Stlth+}
   (You found it in a Gauntlet)

   [ring of protection]

   AC:        It affects your AC (+4).
   Int:       It affects your intelligence (-4).
   Slay:      It affects your accuracy & damage with ranged weapons and melee
   (+4).
   rC:        It renders you almost immune to cold.
   Stlth:     It makes you more stealthy.
 T - a ring of fire
 U - the ring of Qaon {*Slow rC+ rN+++ Str-4 Dex+9}
   (You acquired it on level 9 of the Dungeon)

   [ring of protection from cold]

   Str:       It affects your strength (-4).
   Dex:       It affects your dexterity (+9).
   rC:        It protects you from cold.
   rN:        It renders you almost immune to negative energy.
   *Slow:     It may slow you when you take damage.
Wands
 k - a wand of paralysis (12)
 A - a wand of acid (11)
 C - a wand of iceblast (23)
 D - a wand of flame (47)
 F - a wand of polymorph (3)
Scrolls
 a - 3 scrolls of torment
 h - 4 scrolls of fog
 o - 6 scrolls of fear
 p - a scroll of vulnerability
 r - 9 scrolls of teleportation
 u - a scroll of silence
 v - a scroll of amnesia
 w - 5 scrolls of magic mapping
 y - 5 scrolls of immolation
 I - a scroll of enchant armour
 J - a scroll of summoning
 L - 2 scrolls of noise
 N - a scroll of brand weapon
 V - 2 scrolls of enchant weapon
Potions
 b - 2 potions of resistance
 c - a potion of berserk rage {unknown}
 d - 9 potions of curing
 e - 5 potions of brilliance
 f - 5 potions of might
 i - 4 potions of lignification
 l - 5 potions of haste
 m - 3 potions of flight
 n - 5 potions of degeneration
 s - 4 potions of heal wounds
 t - 2 potions of invisibility {unknown}
 x - 4 potions of ambrosia
 z - a potion of magic {unknown}
 G - a potion of cancellation {unknown}
 H - 2 potions of mutation
 O - a potion of attraction {unknown}
Miscellaneous
 M - a condenser vane
 W - a tin of tremorstones (2/2)


   Skills:
 - Level 12.3 Fighting
 + Level 13.7 Dodging
 - Level 6.0 Stealth
 - Level 10.2 Spellcasting
 + Level 10.2 Hexes
 + Level 17.3 Summonings
 + Level 3.2 Transmutations
 - Level 10.0 Air Magic
 - Level 3.0 Poison Magic
 - Level 5.0 Evocations


You had 3 spell levels left.
You knew the following spells:

 Your Spells              Type           Power      Damage    Failure   Level
a - Summon Small Mammal   Summ           100%       N/A       0%          1
b - Call Canine Familiar  Summ           81%        N/A       0%          3
c - Summon Guardian Gole  Hex/Summ       71%        N/A       1%          3
d - Summon Cactus Giant   Summ           40%        N/A       1%          6
e - Summon Lightning Spi  Summ/Air       71%        N/A       1%          4
f - Summon Mana Viper     Hex/Summ       71%        N/A       1%          5
g - Tukima's Dance        Hex            60%        N/A       1%          3
h - Yara's Violent Unrav  Hex/Tmut       24%        3d11      8%          5

Your spell library contained the following spells:

 Spells                   Type           Power      Damage    Failure   Level
 Call Imp                 Summ           81%        N/A       0%          2
 Beastly Appendage        Tmut           60%        N/A       1%          1
 Slow                     Hex            100%       N/A       1%          1
 Static Discharge         Conj/Air       39%        N/A       1%          2
 Wereblood                Tmut           30%        N/A       1%          2
 Confusing Touch          Hex            60%        N/A       1%          3
 Dazzling Flash           Conj/Hex       78%        N/A       1%          3
 Mephitic Cloud           Conj/Pois/Air  35%        N/A       2%          3
 Spider Form              Tmut/Pois      29%        N/A       3%          3
 Animate Skeleton         Necr           26%        N/A       4%          1
 Apportation              Tloc           26%        N/A       4%          1
 Magic Dart               Conj           52%        1d5       4%          1
 Pain                     Necr           52%        1d6       4%          1
 Frozen Ramparts          Ice            26%        1d4       14%         3
 Vampiric Draining        Necr           13%        2d6       14%         3
 Summon Ice Beast         Ice/Summ       55%        N/A       1%          4
 Silence                  Hex/Air        30%        N/A       1%          5
 Monstrous Menagerie      Summ           40%        N/A       3%          7
 Anguish                  Hex/Necr       19%        N/A       5%          4
 Leda's Liquefaction      Hex/Erth       19%        N/A       5%          4
 Ice Form                 Ice/Tmut       21%        N/A       22%         4
 Summon Horrible Things   Summ           40%        N/A       24%         8
 Blade Hands              Tmut           15%        N/A       32%         5
 Dispel Undead            Necr           13%        3d9       41%         4
 Sticky Flame             Conj/Fire      13%        2d4       41%         4
 Enfeeble                 Hex            30%        N/A       50%         7
 Malign Gateway           Summ/Tloc      27%        N/A       71%         7
 Spellforged Servitor     Conj/Summ      27%        N/A       71%         7
 Agony                    Necr           13%        N/A       77%         5
 Eringya's Noxious Bog    Tmut/Pois      14%        N/A       88%         6
 Statue Form              Tmut/Erth      14%        N/A       98%         6
 Death Channel            Necr           6%         N/A       100%        6
 Orb of Destruction       Conj           6%         9d6       100%        7
 Borgnjor's Revivificati  Necr           6%         N/A       100%        8
 Necromutation            Tmut/Necr      10%        N/A       100%        8
 Death's Door             Necr           6%         N/A       100%        9
 Portal Projectile        Hex/Tloc       Unusable   N/A       N/A         3
 Excruciating Wounds      Necr           Unusable   N/A       N/A         5

Dungeon Overview and Level Annotations

Branches:
Dungeon (15/15)            Temple (1/1) D:6            Lair (6/6) D:8
  Swamp (0/4) Lair:4        Snake (0/4) Lair:2        Slime (0/5) Lair:6
    Orc (2/2) D:9             Elf (0/3) Orc:2        Vaults (0/5) D:13
 Depths (0/4) D:15        Ossuary (visited)         Gauntlet (visited)

Altars:
Ashenzari
Cheibriados
Dithmenos
Elyvilon
Fedhas
Gozag
Hepliaklqana
Kikubaaqudgha
Makhleb
Nemelex Xobeh
Okawaru
Qazlal
Ru
Sif Muna
Trog
Uskayaw
Vehumet
Wu Jian
Xom
Yredelemnul
Zin
The Shining One
Beogh

Shops:
D:1 (   D:9 *?=   D:14 !   Orc:2 =*::(   Lair:2 :

Portals:
Trove: D:12 (give 2 scrolls of acquirement)

Annotations:
D:4 exclusion: statue
D:5 exclusion: orc priest
D:6 exclusion: kobold brigand
D:7 1 runed translucent door, Crazy Yiuf
D:13 2 transporters, HilariousDeathArtist's ghost, journeyman VSBe
Lair:2 exclusion: ice statue


Innate Abilities, Weirdness & Mutations

You have sharp claws.
You have razor-sharp teeth.
You have supernaturally acute eyesight. (SInv)
You cover ground quickly. (Speed+)
Your thick and shaggy fur keeps you warm. (AC +3, rC+)
Your paws help you pounce on unaware monsters.
You are incapable of wielding weapons or throwing items.
You cannot wear armour.
You gain extra lives every three experience levels.


Message History

The centaur warrior simulacrum kicks your warg but does no damage.
Unknown command.
Casting: Call Canine Familiar (safe; 0% risk of failure)
Confirm with . or Enter, or press ? or * to list all spells.
The centaur warrior simulacrum completely misses your warg.
The centaur warrior simulacrum kicks your warg.
The centaur warrior simulacrum freezes your warg!!
Your warg dies!
Your warg's corpse disappears in a puff of smoke!
The centaur warrior hits you!
The centaur warrior kicks you but does no damage.
Unknown command.
Casting: Summon Cactus Giant (dangerous; 1% risk of failure)
Confirm with . or Enter, or press ? or * to list all spells.
Aiming: Tukima's Dance (safe; 1% risk of failure)
Press: ? - help, Shift-Dir - straight line, f - centaur warrior, p - cyclops
Aim: a centaur warrior, quivering arrows (moderately wounded, not susceptible)
Okay, then.
Okay, then.
Casting: Tukima's Dance (safe; 1% risk of failure)
Confirm with . or Enter, or press ? or * to list all spells.
The hornet stings your warg! The centaur warrior hits you!
* * * LOW HITPOINT WARNING * * *
The centaur warrior kicks you.
* * * LOW HITPOINT WARNING * * *
The hornet stings your warg.
Something pecks your warg but does no damage.
Unknown command.
Casting: Call Canine Familiar (safe; 0% risk of failure)
Confirm with . or Enter, or press ? or * to list all spells.
A mana viper appears with a sibilant hiss.
The centaur warrior misses you. The centaur warrior kicks you.
* * * LOW HITPOINT WARNING * * *
The hornet is distracted by your dazzling golden aura.
Your warg bites the hornet but does no damage.
The hornet is no longer distracted by gold.
The hornet buzzes angrily.
The centaur warrior hits you!
You die...
Your body crumbles into a pile of gold.

#.#.#.#####. #......#....
#...#C#'#.#. #.#.#..#^...
+# #.#..)#'#... ##+#+##.+
#......#....
#.#.#..#######'########)#.
$
##......#c.....##......##'#
#...P⌠.#'#@.S..#[.....##.#.
+#.P8Py.#h.###.#[...#.'#...
#..⌠P..#y#C....#..###.#.h).
+#..oCZC#......#..#..#+#)#.
$
##.#.####.#.#.#...)###..#.
#'#'## ##'#'##.#'#[###...
..... #.#.#.####.#.####.
.....# $ #......#......####
+....# ##.#...#'#.....##..


You could see a centaur warrior (ally target), a cyclops, a hornet (ally
target), a centaur warrior simulacrum (ally target), a friendly mana viper
(summoned), a friendly cactus giant (summoned) and a friendly warg (summoned).

Vanquished Creatures
  A centaur (D:7)
  An orc priest (D:6)
  2 orcs (Orc:2)
  A bat (D:2)
  A goblin (D:3)
  A frilled lizard (D:4)
7 creatures vanquished.

Vanquished Creatures (collateral kills)
  A sphinx (D:15)
  An orc warlord (Orc:2)
  Azrael (D:14)
  A green death (Gauntlet)
  A fire dragon (D:15)
  A yaktaur captain (D:15)
  16 hydras
  Harold (Lair:2)
  5 ogre magi (D:15)
  19 two-headed ogres
  A boulder beetle (D:15)
  2 catoblepae
  2 centaur warriors
  A tengu warrior (D:13)
  A death knight (D:15)
  2 orc high priests (Orc:1)
  A deep troll shaman (Lair:6)
  8 death yaks (Lair:6)
  A deep elf knight (D:15)
  2 wizards (Gauntlet)
  A lindwurm (Lair:6)
  A deep elf archer (D:15)
  3 deep elf pyromancers
  2 orc knights (D:15)
  3 cyclopes
  A wolf spider (D:15)
  9 orc sorcerers
  6 manticores
  27 elephants
  Maurice (D:11)
  A guardian serpent (shapeshifter) (D:15)
  10 black mambas
  4 torpor snails
  10 cane toads
  2 gargoyles
  5 rime drakes
  A rime drake (shapeshifter) (D:13)
  2 unseen horrors
  14 komodo dragons
  2 efreet
  A tengu conjurer (D:15)
  A freezing wraith (Lair:2)
  A meliai (D:15)
  3 trolls
  7 polar bears
  A tyrant leech (Lair:6)
  A polar bear (shapeshifter) (D:15)
  A wolf spider simulacrum (D:15)
  19 slime creatures
  9 blink frogs
  5 dream sheep (Lair:5)
  A vampire (D:11)
  40 yaks
  9 basilisks
  3 wraiths
  2 fire elementals (D:14)
  4 wyverns
  A golden eye (shapeshifter) (D:15)
  8 vampire mosquitoes (D:14)
  4 swamp worms (Lair:6)
  10 wargs (Orc:2)
  An acid dragon (D:9)
  4 hell hounds (D:14)
  A water moccasin (shapeshifter) (D:14)
  20 water moccasins
  Duvessa (D:7)
  A black bear (Lair:4)
  14 orc warriors
  A sky beast (D:8)
  3 necrophages
  5 ice beasts
  11 ogres
  13 wolves
  4 centaurs
  14 bullfrogs
  A wyvern zombie (D:8)
  A cane toad simulacrum (Lair:6)
  Dowan (D:7)
  A wyvern skeleton (D:6)
  An elephant simulacrum (Lair:6)
  15 killer bees
  4 nameless horrors
  8 wights
  A bullfrog zombie (D:5)
  4 centaur zombies
  A bullfrog skeleton (D:5)
  4 hounds
  18 orc priests
  2 centaur skeletons
  Jessica (D:3)
  4 iguanas
  2 scorpion zombies
  44 orc wizards
  3 polar bear simulacra (Lair:6)
  A hound zombie (D:5)
  2 hound skeletons
  8 mummies (Ossuary)
  Robin (D:3)
  5 adders
  6 shadow imps
  4 white imps
  3 ufetubi
  An adder skeleton (D:4)
  2 worms
  3 dart slugs
  86 orcs
  5 endoplasms
  5 giant cockroaches
  2 gnoll zombies (Ossuary)
  13 goblins
  7 hobgoblins
  A quokka (D:1)
  8 ball pythons
  4 bats
  6 frilled lizards
  2 hobgoblin zombies (Ossuary)
  7 kobolds
  A kobold zombie (Ossuary)
  3 orc zombies (Ossuary)
  4 rats (D:1)
703 creatures vanquished.

Vanquished Creatures (others)
  2 elephants (Lair:3)
  A polar bear (Lair:2)
  A hornet (D:7)
  3 blink frogs (Lair:3)
  A wyvern (D:8)
  A dancing weapon (D:13)
  3 yaks
  2 water moccasins
  An orc warrior (D:7)
  A hornet zombie (D:6)
  An ogre (D:4)
  2 scorpions
  4 wights
  An iguana (D:7)
  An orc wizard (D:8)
  An orc (D:4)
  A bush (Lair:5)
  35 fungi
  98 plants
  2 withered plants (Gauntlet)
162 creatures vanquished.

Grand Total: 872 creatures vanquished

Notes
Turn   | Place    | Note
-------+----------+-------------------------------------------
     0 | D:1      | MacCMillion the Felid Summoner began the quest for the Orb.
     0 | D:1      | Reached XP level 1. HP: 7/7 MP: 4/4
   491 | D:1      | Reached XP level 2. HP: 11/11 MP: 4/6
   714 | D:1      | Found Yfuechy's Weapon Boutique.
  1471 | D:2      | Reached XP level 3. HP: 14/14 MP: 5/7
  1476 | D:2      | Learned a level 3 spell: Call Canine Familiar
  2212 | D:3      | Noticed Robin
  2452 | D:3      | Found an ancient bone altar of Kikubaaqudgha.
  2465 | D:3      | Noticed Jessica
  2470 | D:3      | Killed Jessica
  2471 | D:3      | Reached XP level 4. HP: 18/18 MP: 9/9
  2478 | D:3      | Learned a level 3 spell: Summon Guardian Golem
  2767 | D:3      | Killed Robin
  2768 | D:3      | Reached skill level 1 in Hexes
  2768 | D:3      | Reached skill level 5 in Summonings
  3177 | D:4      | Reached XP level 5. HP: 19/21 MP: 7/10
  3688 | D:4      | Found a radiant altar of Vehumet.
  3688 | D:4      | Noticed a frost-covered statue
  3726 | D:4      | Noticed a water moccasin
  3738 | D:4      | Killed a water moccasin
  3739 | D:4      | Reached skill level 6 in Summonings
  3739 | D:4      | Gained mutation: You are covered in thick fur. (AC +2)
                  | [Felid growth]
  3739 | D:4      | Reached XP level 6. HP: 24/24 MP: 9/11
  3750 | D:4      | Reached skill level 5 in Hexes
  3887 | D:4      | Reached skill level 7 in Summonings
  3887 | D:4      | Reached XP level 7. HP: 27/27 MP: 12/12
  4110 | D:5      | Entered Level 5 of the Dungeon
  4292 | D:5      | Found a sand-covered staircase.
  4303 | Ossuary  | Entered an ossuary
  4456 | Ossuary  | Learned a level 4 spell: Summon Lightning Spire
  4605 | Ossuary  | Reached skill level 1 in Air Magic
  4933 | D:5      | Reached skill level 8 in Summonings
  5315 | D:5      | Found a broken altar of Ashenzari.
  5319 | D:5      | Saw a vision of the Swamp and the Snake Pit.
  5319 | D:5      | Noticed a shock serpent
  5319 | D:5      | Noticed an anaconda
  5319 | D:5      | Noticed a mana viper
  5319 | D:5      | Noticed a black mamba
  5319 | D:5      | Noticed a black mamba
  5319 | D:5      | Noticed a naga sharpshooter
  5320 | D:5      | Noticed an alligator
  5432 | D:5      | Noticed a will-o-the-wisp
  5541 | D:6      | Reached XP level 8. HP: 31/31 MP: 11/13
  5694 | D:6      | Found a staircase to the Ecumenical Temple.
  5708 | Temple   | Entered the Ecumenical Temple
  5918 | Temple   | Became a worshipper of Elyvilon the Healer
  6029 | D:6      | Found an opulent altar of Gozag.
  6041 | D:6      | Fell from the grace of Elyvilon
  6041 | D:6      | Became a worshipper of Gozag Ym Sagoz the Greedy
  6209 | D:6      | Found a hide-covered altar of Uskayaw.
  6453 | D:6      | Reached skill level 9 in Summonings
  7255 | D:7      | Reached skill level 5 in Air Magic
  7581 | D:7      | Noticed a hornet
  7602 | D:7      | Reached XP level 9. HP: 34/34 MP: 14/14
  7673 | D:7      | Reached skill level 10 in Summonings
  7678 | D:7      | Noticed Dowan
  7705 | D:7      | Noticed Duvessa
  7720 | D:7      | Killed Duvessa
  7732 | D:7      | Killed Dowan
  7871 | D:7      | Found a runed translucent door.
  7872 | D:7      | Noticed Crazy Yiuf
  7975 | D:7      | Identified the +0 pair of gloves "Pammul Xynu" {Rampage
                  | rN+}
  8086 | D:6      | HP: 1/31 [asphyx]
  8087 | D:6      | Succumbed to a kobold brigand's curare-tipped dart
  8088 | D:6      | Reached XP level 8. HP: -5/28 MP: 13/13
  9131 | D:8      | Identified the +6 morningstar of Mochi {venom, Will+ Str+2
                  | Int+4 Dex+3}
  9250 | D:8      | Reached XP level 9. HP: 34/34 MP: 0/14
  9406 | D:8      | Reached skill level 11 in Summonings
  9522 | D:8      | Found a staircase to the Lair.
  9606 | D:8      | Found a stormy altar of Qazlal.
 10353 | Lair:1   | Entered Level 1 of the Lair of Beasts
 10437 | Lair:1   | Noticed a komodo dragon
 10452 | Lair:1   | Killed a komodo dragon
 10565 | Lair:1   | Noticed a cane toad
 10567 | Lair:1   | Reached skill level 1 in Fighting
 10569 | Lair:1   | Noticed a komodo dragon
 10573 | Lair:1   | Killed a cane toad
 10603 | Lair:1   | Killed a komodo dragon
 10761 | Lair:1   | Noticed a rime drake
 10765 | Lair:1   | Killed a rime drake
 10766 | Lair:1   | Reached XP level 10. HP: 40/40 MP: 13/15
 10784 | Lair:1   | Identified the +3 leather armour of Saitrekh {*Corrode rN++
                  | Dex+2}
 10797 | Lair:1   | Reached skill level 5 in Dodging
 10831 | Lair:1   | Reached skill level 12 in Summonings
 11140 | Lair:1   | Noticed a four-headed hydra
 11157 | Lair:1   | Killed a four-headed hydra
 11285 | Lair:1   | You are sucked into a shaft and drop 1 floor!
 11285 | Lair:2   | Noticed a black mamba
 11285 | Lair:2   | Noticed a black mamba
 11285 | Lair:2   | Noticed a black mamba
 11285 | Lair:2   | Noticed a black mamba
 11285 | Lair:2   | Noticed a black mamba
 11285 | Lair:2   | Found a staircase to the Snake Pit.
 11290 | Lair:2   | Killed a black mamba
 11290 | Lair:2   | Killed a black mamba
 11308 | Lair:2   | Killed a black mamba
 11381 | Lair:2   | Noticed a black mamba
 11398 | Lair:2   | Killed a black mamba
 11424 | Lair:2   | Killed a black mamba
 11425 | Lair:2   | Reached XP level 11. HP: 46/46 MP: 10/16
 11581 | Lair:2   | Reached skill level 5 in Fighting
 11908 | Lair:2   | Noticed a seven-headed hydra
 11955 | Lair:2   | Killed a seven-headed hydra
 11956 | Lair:2   | Reached skill level 13 in Summonings
 12058 | Lair:2   | Noticed Harold
 12070 | Lair:2   | Killed Harold
 12079 | Lair:2   | Reached skill level 10 in Air Magic
 12578 | Lair:3   | Noticed a five-headed hydra
 12596 | Lair:3   | Killed a five-headed hydra
 12597 | Lair:3   | Reached skill level 14 in Summonings
 13015 | Lair:1   | Noticed a four-headed hydra
 13024 | Lair:1   | Killed a four-headed hydra
 13025 | Lair:1   | Gained mutation: Your thick and shaggy fur keeps you warm.
                  | (AC +3, rC+) [Felid growth]
 13025 | Lair:1   | Reached XP level 12. HP: 51/51 MP: 8/17
 13825 | Lair:3   | Reached skill level 10 in Dodging
 15108 | Lair:4   | Found a staircase to the Swamp.
 15836 | Lair:5   | Noticed a seven-headed hydra
 16469 | Lair:2   | Bought Advanced Thaumaturgy for 728 gold pieces
 16480 | Lair:2   | Learned a level 6 spell: Summon Cactus Giant
 16799 | Lair:5   | Killed a seven-headed hydra
 16800 | Lair:5   | Reached skill level 15 in Summonings
 17011 | Lair:5   | Reached XP level 13. HP: 59/59 MP: 10/18
 17416 | Lair:6   | Entered Level 6 of the Lair of Beasts
 17949 | Lair:6   | Reached skill level 10 in Fighting
 18353 | Lair:6   | Reached skill level 16 in Summonings
 18639 | Lair:6   | Reached XP level 14. HP: 69/69 MP: 4/19
 18814 | Lair:6   | Reached skill level 17 in Summonings
 19238 | Lair:6   | Found a staircase to the Slime Pits.
 19331 | Lair:6   | Reached skill level 5 in Spellcasting
 20507 | D:8      | Learned a level 3 spell: Mephitic Cloud
 20557 | D:9      | Found a staircase to the Orcish Mines.
 20638 | D:9      | Reached skill level 1 in Poison Magic
 20865 | D:9      | Found Nunon's Needful Niceties.
 21372 | D:10     | Entered Level 10 of the Dungeon
 21769 | D:10     | Found a shadowy altar of Dithmenos.
 22268 | Orc:1    | Entered Level 1 of the Orcish Mines
 22330 | Orc:1    | Reached skill level 5 in Stealth
 22520 | Orc:2    | Entered Level 2 of the Orcish Mines
 22860 | Orc:2    | Found Kahicraa's Weapon Shop.
 22945 | Orc:2    | Found a staircase to the Elven Halls.
 23026 | Orc:2    | Reached skill level 1 in Evocations
 23294 | Orc:2    | Found Duvir's Book Emporium.
 23326 | Orc:2    | Found Publekub's Book Boutique.
 23406 | Orc:2    | Noticed an orc warlord
 23423 | Orc:2    | Killed an orc warlord
 23429 | Orc:2    | Reached skill level 5 in Evocations
 23626 | Orc:2    | Found Qoxkimur's General Store.
 23626 | Orc:2    | Found Untoomygups's Jewellery Boutique.
 24422 | Orc:2    | Bought a book of Beasts for 570 gold pieces
 24422 | Orc:2    | Bought a Grand Grimoire for 510 gold pieces
 24457 | Orc:2    | Bought a ring of magical power for 280 gold pieces
 24557 | Orc:2    | Bought a book of Maledictions for 578 gold pieces
 24561 | Orc:2    | Learned a level 3 spell: Tukima's Dance
 25247 | Orc:1    | You fall into a shaft and drop 1 floor!
 25932 | D:11     | Noticed Maurice
 25940 | D:11     | Killed Maurice
 26730 | D:12     | Found a gate leading to a gauntlet.
 26745 | Gauntlet | Entered a Gauntlet
 26745 | Gauntlet | Found a transporter.
 26754 | Gauntlet | Found a transporter.
 26766 | Gauntlet | Found a transporter.
 26770 | Gauntlet | Found a transporter.
 26780 | Gauntlet | Found a transporter.
 26800 | Gauntlet | Found a transporter.
 26813 | Gauntlet | Found a transporter.
 26830 | Gauntlet | Found a transporter.
 26834 | Gauntlet | Found a transporter.
 26842 | Gauntlet | Found a transporter.
 26872 | Gauntlet | Found a transporter.
 26872 | Gauntlet | Found a transporter.
 27097 | Gauntlet | Identified the ring "Amnor" {rC+++ AC+4 Int-4 Slay+4
                  | Stlth+}
 27136 | Gauntlet | Identified the +0 pair of gloves of Music {Int+4}
 27156 | Gauntlet | Identified the +9 hand crossbow of the Turnip {freeze,
                  | *Corrode Int+6}
 27170 | Gauntlet | Hit by a silver javelin thrown by a minotaur
 27171 | Gauntlet | Reached XP level 13. HP: -7/64 MP: 25/31
 27180 | Gauntlet | Succumbed to a death drake's dark miasma
 27181 | Gauntlet | Reached XP level 12. HP: 0/61 MP: 27/30
 27254 | D:12     | Reached XP level 13. HP: 64/64 MP: 22/22
 27623 | D:12     | Found a portal to a secret trove of treasure.
 28258 | D:13     | Noticed an ettin
 28261 | D:13     | Noticed HilariousDeathArtist's ghost (journeyman VSBe)
 28262 | D:13     | Found a bloodstained altar of Trog.
 28270 | D:13     | Found a transporter.
 28278 | D:13     | Found a transporter.
 28421 | D:13     | Found a gate to the Vaults.
 29651 | D:14     | Noticed Azrael
 29670 | D:14     | Killed Azrael
 30475 | D:15     | Entered Level 15 of the Dungeon
 30828 | D:14     | Bought 2 potions of ambrosia for 192 gold pieces
 31180 | D:15     | Reached XP level 14. HP: 69/69 MP: 14/27
 31291 | D:15     | Reached skill level 10 in Hexes
 31362 | D:15     | Found a radiant altar of Vehumet.
 31363 | D:15     | Found a stormy altar of Qazlal.
 31364 | D:15     | Found a radiant altar of Vehumet.
 31454 | D:15     | Reached skill level 10 in Spellcasting
 31991 | D:15     | Learned a level 5 spell: Summon Mana Viper
 32268 | Orc:2    | Bought a book of Misfortune for 612 gold pieces
 32274 | Orc:2    | Learned a level 5 spell: Yara's Violent Unravelling
 32434 | D:9      | Bought a scroll of identify for 30 gold pieces
 32434 | D:9      | Bought a scroll of identify for 30 gold pieces
 32434 | D:9      | Bought 2 scrolls of identify for 60 gold pieces
 32434 | D:9      | Bought a scroll of identify for 30 gold pieces
 32438 | D:9      | Identified a scroll of acquirement
 32439 | D:9      | Acquired the ring of Qaon {*Slow rC+ rN+++ Str-4 Dex+9}
 32442 | D:9      | Lost strength.
 32772 | D:15     | Found a staircase to the Depths.
 33011 | D:15     | Reached skill level 1 in Transmutations
 33928 | D:15     | Noticed a sphinx
 33946 | D:15     | Killed a sphinx
 35305 | D:15     | Slain by a centaur warrior

Illustrated notes

Levels and vault maps discovered:
D:1:      dpeg_arrival_simpleton_c, layout_basic, serial_shops, shop_statue
D:2:      layout_loops_ring
D:3:      layout_basic, mainiacjoe_overflow_boulevard, serial_rivers,
          chequers_serial_rivers_small_a, chequers_serial_rivers_micro_a,
          chequers_serial_rivers_small_b, chequers_serial_rivers_small_b,
          chequers_serial_rivers_micro_a, dk_noncrumbling_2, uniq_jessica,
          uniq_robin
D:4:      layout_gridville, vehumet_statue, hangedman_decor_growths,
          minmay_lizard_king
D:5:      layout_loops_ring, grunt_ashenzari_visionary
          [grunt_ashenzari_visionary_swamp, grunt_ashenzari_visionary_snake],
          nicolae_ossuary_entry_ruins, patterned_corridor
D:6:      layout_loops_ring, lemuel_crystal_altar, nicolae_uskayaw_dance_studio,
          minmay_temple_entry_drinking_statues
D:7:      layout_rooms, nicolae_elevator_lobby_asterisk,
          uniq_crazy_yiuf_cottage, uniq_duvessa
D:8:      minmay_weird_star, layout_basic, mainiacjoe_overflow_cross_hatched,
          kennysheep_generic_room_4
D:9:      layout_cave_pods, david_orc_2, nicolae_alphabet_shops
D:10:     layout_big_octagon, mainiacjoe_overflow_tiny_flanked, kennysheep_dice
D:11:     layout_rooms, uniq_maurice
D:12:     layout_basic, gauntlet_entry_generic, trove_entry_hex_spiral
D:13:     hellmonk_crumbling_castle, layout_basic,
          gammafunk_ghost_wrathful_warriors, kennysheep_pointless_box
D:14:     layout_irregular_city, chequers_serial_rivers_micro_e,
          nicolae_straight_to_the_point, uniq_azrael
D:15:     hangedman_slaughterboxes, serial_shops, uniq_nessos
Temple:   regret_index_temple_generic_petals
Lair:1:   layout_layer_cave, grunt_megastairs_5
Lair:2:   layout_chaotic_city, minmay_snake_entry_six_corridors, ice2_lemuel,
          uniq_harold
Lair:3:   layout_chaotic_city, st_stairs_9, cheibrodos_lair_lostbears
Lair:4:   layout_roguey, swamp_mist
Lair:5:   layout_cave_shapes, grunt_megastairs_3
Lair:6:   grunt_lair_end_beastmaster, layout_small_grid, slime_dummy,
          portal_ice_cave_entry_ice_simulacra, worms_lemuel,
          serial_bayou_shore_b
Orc:1:    layout_caves, basic_altar, minmay_orc_temple_c
Orc:2:    st_orc_town, layout_caves, serial_shops,
          nicolae_shop_bloodbath_and_beyond, mines1_david

Skill      XL: |  1  2  3  4  5  6  7  8  9 10 11 12 13 14 |
---------------+-------------------------------------------+-----
Stealth        | 3 6 |  6.0
Dodging        | 3 4 7 8 11 12 13 | 13.7
Spellcasting   | 3 8 10 | 10.2
Hexes          | 2 4 5 6 9 10 | 10.2
Summonings     | 5 6 7 8 9 11 12 14 15 16 17 | 17.3
Air Magic      | 2 7 8 9 10 | 10.0
Fighting       | 2 4 5 8 12 | 12.3
Poison Magic   | 3 |  3.0
Evocations     | 5 |  5.0
Transmutations | 3 |  3.2

Action                   |  1- 3 |  4- 6 |  7- 9 | 10-12 | 13-15 || total
-------------------------+-------+-------+-------+-------+-------++-------
Melee: Unarmed           |     2 |     8 |    37 |     3 |    63 ||   113
       Bite              |       |     2 |    11 |       |     7 ||    20
       Punch             |       |       |     1 |       |     1 ||     2
 Cast: Summon Small Mamm |    62 |    32 |    57 |    27 |    22 ||   200
       Call Canine Famil |     3 |    16 |    75 |    55 |   142 ||   291
       Summon Guardian G |       |     3 |    29 |    10 |     1 ||    43
       Summon Lightning  |       |       |    19 |    92 |   163 ||   274
       Summon Cactus Gia |       |       |       |    10 |   177 ||   187
       Tukima's Dance    |       |       |       |       |     7 ||     7
       Summon Mana Viper |       |       |       |       |     9 ||     9
       Yara's Violent Un |       |       |       |       |     2 ||     2
Invok: Call Merchant     |       |       |       |     1 |     3 ||     4
  Use: Potion            |       |       |     2 |     6 |     4 ||    12
       Scroll            |       |       |     4 |    12 |    14 ||    30
 Stab: Distracted        |       |       |       |       |     2 ||     2
Armor: Skin              |     1 |     2 |     3 |     3 |     8 ||    17
Dodge: Dodged            |    16 |    12 |    40 |    56 |   200 ||   324
Block: Other             |       |       |     1 |       |       ||     1
